 Dungeon Crawl Stone Soup version 0.31.0 (webtiles) character file.

Game seed: 11061461363523771151

387 qw the Shooter (level 6, -6/38 HPs)
             Began as a Gargoyle Hunter on Jan 20, 2024.
             Mangled by a black bear (8 damage)
             ... on level 4 of the Dungeon.
             The game lasted 00:00:15 (2785 turns).

qw the Shooter (Gargoyle Hunter)                    Turns: 2785, Time: 00:00:15

Health: -6/38      AC: 10    Str: 15    XL:     6   Next: 78%
Magic:  6/6        EV: 11    Int:  9    God:
Gold:   89         SH:  0    Dex: 15    Spells: 5/5 levels left

rFire   . . .        a - +1 shortbow
rCold   . . .        (shield currently unavailable)
rNeg    + . .        e - +0 ring mail
rPois   inf          h - +0 helmet
rElec   +            (no cloak)
rCorr   .            (no gloves)
SInv    .            (no boots)
Will    .....        (no amulet)
Stlth   +            (no ring)
HPRegen 0.26/turn    (no ring)
MPRegen 0.10/turn

%: no passive effects
@: no status effects
A: sickness immunity, AC +4, negative energy resistance 1, electricity
resistance, torment resistance 1, petrification resistance
a: no special abilities


You were on level 4 of the Dungeon.
You visited 1 branch of the dungeon, and saw 4 of its levels.

You collected 89 gold pieces.


Innate Abilities, Weirdness & Mutations

You are immune to sickness and miasma.
Your stone body is resilient. (AC +4)
You are immune to poison.
You resist negative energy. (rN+)
You are resistant to electric shocks. (rElec)
You are resistant to unholy torment.
You are immune to petrification.


   Skills:
 - Level 4.0 Fighting
 + Level 7.0 Ranged Weapons
 - Level 1.0 Armour
 - Level 1.5 Dodging
 - Level 1.1 Stealth


You had 5 spell levels left.
You didn't know any spells.
Your spell library was empty.

Inventory:

Hand Weapons
 a - a +1 shortbow (weapon)
Armour
 e - a +0 ring mail (worn)
 h - a +0 helmet (worn)
Jewellery
 g - a ring of ice
Potions
 d - a potion of resistance

Dungeon Overview and Level Annotations

Branches:
Dungeon (4/15)
 Temple: D:4-7

Altars:
Nemelex Xobeh
Ru

Shops:
D:2 (


Message History

Enter note:
Enter note:
2779 ||| RETREEEEATING.
The black bear bites you!
The black bear claws you but does no damage.
The black bear closely misses you. The adder barely misses you.
Enter note:
Enter note:
2780 ||| RETREEEEATING.
Enter note:
Enter note:
2781 ||| RETREEEEATING.
You enter the shallow water.
Moving in this stuff is going to be slow.
The black bear barely misses you.
The black bear claws you but does no damage.
The black bear claws you.
Enter note:
Enter note:
2782 ||| RETREEEEATING.
The black bear bites you! The black bear barely misses you.
The black bear splashes around in the water.
Enter note:
Enter note:
2783 ||| RETREEEEATING.
The black bear attacks as it pursues you!
The black bear bites you!
The black bear splashes around in the water. x2
The adder bites you but does no damage. The black bear closely misses you.
The black bear claws you but does no damage.
The black bear closely misses you.
Enter note:
Enter note:
2784 ||| RETREEEEATING.
The black bear attacks as it pursues you!
The black bear closely misses you. x3; The adder misses you.
The adder bites you.
Enter note:
Enter note:
2785 ||| RETREEEEATING.
The black bear bites you!
You die...

######### #..7....#
##..~~~.## # ##..~~~~~P#
# #...~~~.~##
########.P~~~~~P.######.
.......%..~~~~~~P.......
#########.~.~~.S@#### #
#P.~~~~h.# # #P~.~.g~7#
#.~7~~.~#######
#.P.~.[......)#
##..P...%.....#
#######.#.###......#
#.[........##..(...#
#..........#.......#


You could see a black bear (berserk), an adder and a goblin.

Vanquished Creatures
  A black bear (D:3)
  A scorpion (D:4)
  A jelly (D:4)
  A bombardier beetle (D:4)
  2 hounds (D:4)
  4 adders
  4 ribbon worms
  2 dart slugs
  An orc (D:4)
  3 bats
  6 endoplasms
  3 giant cockroaches
  5 hobgoblins
  8 jackals
  5 kobolds
  2 quokkas
  7 ball pythons
  4 frilled lizards
  7 goblins
  3 rats
70 creatures vanquished.

Notes
Turn   | Place    | Note
-------+----------+-------------------------------------------
     0 | D:1      | qw the Gargoyle Hunter began the quest for the Orb.
     0 | D:1      | Reached XP level 1. HP: 12/12 MP: 1/1
     0 | D:1      | 0 ||| qw: Version: 0.3-a-132-g3d54051
     0 | D:1      | 0 ||| qw: Game counter: 509
     0 | D:1      | 0 ||| qw: Melee chars always use a shield: true
     0 | D:1      | 0 ||| qw: God list: Okawaru
     0 | D:1      | 0 ||| qw: Allow faded altars: false
     0 | D:1      | 0 ||| qw: Do Orc after clearing Dungeon:15 true
     0 | D:1      | 0 ||| qw: Do second Lair branch before Depths: true
     0 | D:1      | 0 ||| qw: Lair rune preference: random
     0 | D:1      | 0 ||| qw: Goals: Normal
     0 | D:1      | 0 ||| PLANNING D:1-11
   175 | D:1      | Reached XP level 2. HP: 13/17 MP: 2/2
   748 | D:1      | 748 ||| UPGRADING to +0 ring mail.
   758 | D:1      | 758 ||| DROPPING +0 leather armour.
   759 | D:1      | 759 ||| READING scroll labelled NIENNA MOHI.
   759 | D:1      | 759 ||| ENCHANTING +0 shortbow.
   760 | D:1      | 760 ||| READING 2 scrolls labelled PUUSEKITUS.
   761 | D:1      | 761 ||| DROPPING scroll of butterflies.
   762 | D:1      | 762 ||| DROPPING scroll of revelation.
   831 | D:2      | Reached skill level 1 in Armour
   831 | D:2      | 831 ||| FLEEEEING.
   912 | D:2      | Reached XP level 3. HP: 21/21 MP: 3/3
   961 | D:2      | Found Jodghoapt's Weapon Emporium.
  1050 | D:2      | 1050 ||| FLEEEEING.
  1116 | D:2      | Reached skill level 5 in Ranged Weapons
  1211 | D:2      | Found a faded altar of an unknown god.
  1223 | D:2      | Reached XP level 4. HP: 27/27 MP: 4/4
  1253 | D:2      | Reached skill level 3 in Fighting
  1253 | D:2      | 1253 ||| FLEEEEING.
  1420 | D:2      | 1420 ||| FLEEEEING.
  1791 | D:2      | 1791 ||| READING scroll labelled VUTIFOLONT.
  1791 | D:2      | 1791 ||| IDENTIFYING inky potion
  1792 | D:2      | 1792 ||| READING 2 scrolls labelled HIPUHA GI CEU.
  1793 | D:2      | 1793 ||| READING scroll labelled AHAHAF XAARGH.
  1794 | D:2      | 1794 ||| DROPPING scroll of amnesia.
  2342 | D:4      | Reached XP level 5. HP: 30/32 MP: 5/5
  2394 | D:4      | Found a sacrificial altar of Ru.
  2397 | D:4      | Found a sparkling altar of Nemelex Xobeh.
  2425 | D:4      | 2425 ||| FLEEEEING.
  2426 | D:4      | 2426 ||| STAIRDANCE
  2460 | D:3      | 2460 ||| UPGRADING to +0 helmet.
  2465 | D:3      | 2465 ||| READING 2 scrolls of identify.
  2465 | D:3      | 2465 ||| IDENTIFYING gluggy blue potion
  2466 | D:3      | 2466 ||| READING scroll of identify.
  2466 | D:3      | 2466 ||| IDENTIFYING 2 smoky red potions
  2467 | D:3      | 2467 ||| DROPPING potion of invisibility.
  2495 | D:4      | Reached skill level 6 in Ranged Weapons
  2543 | D:4      | Reached XP level 6. HP: 23/38 MP: 6/6
  2543 | D:4      | 2543 ||| FLEEEEING.
  2674 | D:4      | 2674 ||| FLEEEEING.
  2682 | D:4      | Noticed a black bear
  2683 | D:4      | 2683 ||| FLEEEEING.
  2684 | D:4      | 2684 ||| FLEEEEING.
  2685 | D:4      | 2685 ||| FLEEEEING.
  2685 | D:4      | Noticed a black bear
  2686 | D:4      | 2686 ||| FLEEEEING.
  2687 | D:4      | 2687 ||| STAIRDANCE
  2714 | D:3      | 2714 ||| READING scroll labelled EGGOECKOLIMM.
  2714 | D:3      | 2714 ||| ENCHANTING +0 shortbow.
  2724 | D:4      | 2724 ||| STAIRDANCE
  2735 | D:3      | Killed a black bear
  2736 | D:3      | Reached skill level 7 in Ranged Weapons
  2739 | D:3      | 2739 ||| FLEEEEING.
  2774 | D:4      | HP: 9/38 [adder (1)]
  2775 | D:4      | 2775 ||| DRINKING 2 potions of heal wounds.
  2776 | D:4      | 2776 ||| RETREEEEATING.
  2777 | D:4      | 2777 ||| RETREEEEATING.
  2777 | D:4      | HP: 2/38 [black bear (3)]
  2778 | D:4      | 2778 ||| DRINKING potion of heal wounds.
  2779 | D:4      | 2779 ||| RETREEEEATING.
  2780 | D:4      | 2780 ||| RETREEEEATING.
  2781 | D:4      | 2781 ||| RETREEEEATING.
  2782 | D:4      | 2782 ||| RETREEEEATING.
  2783 | D:4      | 2783 ||| RETREEEEATING.
  2783 | D:4      | HP: 3/38 [black bear (7)]
  2784 | D:4      | 2784 ||| RETREEEEATING.
  2785 | D:4      | 2785 ||| RETREEEEATING.
  2785 | D:4      | Mangled by a black bear

Levels and vault maps discovered:
D:1:      tekkud_arrival_beachfront_property, layout_basic, serial_forest,
          infiniplex_forest_pool, infiniplex_forest_clump_double,
          infiniplex_forest_end_1, infiniplex_forest_clump_double,
          infiniplex_forest_zigzag_2, infiniplex_forest_end_double
D:2:      layout_loops_corners, serial_shops, nicolae_shop_crystal,
          shapermc_ecumenical_altar_starsandcircs,
          nicolae_concentric_dashed_squares_mild, skrybe_limestone_x
D:3:      layout_rooms
D:4:      layout_basic, nicolae_overflow_hidden_temple, serial_bayou,
          serial_bayou_pond_b, serial_bayou_lagoon_a, serial_bayou_pond_a,
          serial_bayou_pond_c

Skill      XL: |  1  2  3  4  5  6 |
---------------+-------------------+-----
Armour         | 1 |  1.0
Ranged Weapons | 5 6 7 |  7.0
Fighting       | 3 4 |  4.0
Dodging        | |  1.5
Stealth        | |  1.1

Action                     |  1- 3 |  4- 6 || total
---------------------------+-------+-------++-------
   Fire: Shortbow          |   119 |   215 ||   334
    Use: Scroll            |     2 |     6 ||     8
         Potion            |       |     2 ||     2
 Armour: Leather armour    |     8 |       ||     8
         Ring mail         |    40 |   186 ||   226
  Dodge: Dodged            |    27 |   159 ||   186

Table legend:
 A = Non-vault XP
 B = Vault XP
 C = Vault XP percentage of total XP
 D = Non-vault monster count
 E = Vault monster count
 F = Vault count percentage of total count
                 A         B        C        D         E       F
            +---------+---------+-------+---------+---------+-------
      Total |     459 |      94 |  17.0 |      67 |       3 |   4.3
            +---------+---------+-------+---------+---------+-------
        D:1 |      21 |       0 |   0.0 |      12 |       0 |   0.0
        D:2 |      90 |       0 |   0.0 |      28 |       0 |   0.0
        D:3 |     166 |       0 |   0.0 |      16 |       0 |   0.0
        D:4 |     182 |      94 |  34.1 |      11 |       3 |  21.4
            +---------+---------+-------+---------+---------+-------
